Unix NetHack Version 5.0.0-0 post-release - last build May  4 2026 22:22:43 (774f63e81ad911689b3a0859ea89b322d5daca8d,branch:main).

Game began 2026-05-07 10:06:21, ended 2026-05-07 10:42:55.

2438853, lawful female dwarven Valkyrie

      -------------
      ^.......<...|          ---
      -----------.----  ---........|
                |....|.--..........|       ----
                ----...B@.---...%..---------..|
                   --..G---  -..........%.....|
                     -..|    ----------------.|
                     --.|
                      |.|.--
                      |...>|
                      --...|
                       ....-
                        ....-
                         .....
                          .......
                           ......
                            .....
                             -.|

2438853 the Skirmisher      St:18/02 Dx:11 Co:18 In:8 Wi:9 Ch:8  Lawful
Dlvl:3  $:20 HP:0(36) Pw:5(5) AC:6  Xp:3 T:1794  Weak     Deaf

Latest messages:
 You are caught in a bear trap.
 You are caught in a bear trap.
 You are caught in a bear trap.
 You are caught in a bear trap.
 You are caught in a bear trap.
 You are caught in a bear trap.
 You are caught in a bear trap.
 You are caught in a bear trap.
 You are caught in a bear trap.
 You finally wriggle free.
 Your leg feels better.
 You faint from lack of food.
 You regain consciousness.
 You can hear again.
 The bat bites!
 You kill the bat!
 You see here a bat corpse.
 You faint from lack of food.
 You regain consciousness.
 You faint from lack of food.
 You regain consciousness.
 You faint from lack of food.
 You regain consciousness.
 You can hear again.
 You faint from lack of food.
 The bat bites!
 The bat bites!
 The bat bites!
 The bat bites!
 The bat bites!
 The bat bites!
 The bat bites!
 The bat bites!
 The bat bites!
 The bat bites!
 The bat bites!
 You regain consciousness.
 What do you want to eat? [jkA or ?*] k
 This fortune cookie is delicious!
 You are still weak.
 This cookie has a scrap of paper inside.
 It reads:
 They say that counting your eggs before they hatch shows that you care.
 The bat bites!
 You die...
 Do you want your possessions identified? [ynq] (y) y
 Do you want to see your attributes? [ynq] (y) y
 Do you want an account of creatures vanquished? [ynaq] (y) y
 Do you want to see your conduct and achievements? [ynq] (y) y
 Do you want to see the dungeon overview? [ynq] (y) y

Inventory:
 Coins    ('$')
  $ - 20 gold pieces
 Weapons  (')')
  o - 7 +0 orcish arrows
  b - a +0 dagger (at the ready)
  a - a blessed +1 dwarvish spear (weapon in right hand)
 Armor    ('[')
  l - a cursed -1 pair of levitation boots
  c - an uncursed +3 small shield (being worn)
 Comestibles  ('%')
  A - a cursed food ration
  k - an uncursed fortune cookie
  j - an uncursed tin of pureed newt meat
 Scrolls  ('?')
  n - 2 uncursed scrolls of confuse monster
  s - an uncursed scroll of destroy armor
  z - an uncursed scroll of enchant weapon
  d - a cursed scroll of enchant weapon
  f - 2 uncursed scrolls of identify
  p - an uncursed scroll of remove curse
  g - an uncursed scroll of scare monster
 Spellbooks  ('+')
  h - an uncursed spellbook of detect monsters
  q - an uncursed spellbook of haste self
  u - an uncursed spellbook of invisibility
  v - an uncursed spellbook of levitation
 Potions  ('!')
  y - an uncursed potion of levitation
 Wands    ('/')
  i - a wand of undead turning (0:5)
 Tools    ('(')
  m - a cursed brass lantern
  e - an uncursed oil lamp
  r - an uncursed tin whistle
 Gems/Stones  ('*')
  x - an uncursed worthless piece of red glass
  t - an uncursed worthless piece of violet glass
  w - an uncursed worthless piece of yellow glass

2438853 the Valkyrie's attributes:

Background:
 You were a Skirmisher, a level 3 dwarven Valkyrie.
 You were lawful, nominally on a mission for Tyr
 who was opposed by Odin (neutral) and Loki (chaotic).
 You were right-handed.
 You were in the Gnomish Mines, on level 3.
 You entered the dungeon 1794 turns ago.
 You had 60 experience points, 20 more were needed to attain level 4.

Basics:
 You had 0 out of 36 hit points.
 You had all 5 energy points (spell power).
 Your armor class was 6.
 Your wallet contained 20 zorkmids.
 Autopickup was off.

Final Characteristics:
 Your strength was 18/02 (base:18/03, limit:18/100).
 Your dexterity was 11 (limit:20).
 Your constitution was 18 (limit:20).
 Your intelligence was 8 (limit:16).
 Your wisdom was 9 (limit:16).
 Your charisma was 8 (limit:16).

Final Status:
 You were deaf.
 You were weak from severe hunger.
 You were unencumbered.
 You were wielding a spear.
 You had basic skill with spear.

Final Attributes:
 You were devoutly aligned.
 You were cold resistant.
 You had infravision.
 You were stealthy.
 You are dead.

Miscellaneous:
 You encountered 1 bones level.
 Total elapsed playing time was 33 minutes and 8 seconds.

Major events:
 Turn
    1: 2438853 the lawful dwarven Valkyrie entered the dungeon
 1132: attained the rank of Skirmisher (level 3)
 1605: entered the Gnomish Mines
 1794: killed by a bat

You didn't know any spells.

Skills:
 Fighting Skills
   bare handed combat [Unskilled]
   two weapon combat  [Unskilled]
   riding             [Unskilled]
 Weapon Skills
   dagger             [Basic]
   axe                [Unskilled]
   pick-axe           [Unskilled]
   short sword        [Unskilled]
   broadsword         [Unskilled]
   long sword         [Unskilled]
   two-handed sword   [Unskilled]
   saber              [Unskilled]
   hammer             [Unskilled]
   quarterstaff       [Unskilled]
   polearms           [Unskilled]
   spear              [Basic]
   trident            [Unskilled]
   lance              [Unskilled]
   sling              [Unskilled]
 Spellcasting Skills
   attack spells      [Unskilled]
   escape spells      [Unskilled]

Voluntary challenges:
 Character rerolling was not enabled.
 You were vegetarian.
 You were an atheist.
 You never genocided any monsters.
 You never polymorphed an object.
 You never changed form.
 You used no wishes.
Achievements:
 You attained the rank of Skirmisher.
 You entered the Gnomish Mines.

 The Dungeons of Doom: levels 1 to 4
    Level 1:
    Level 2:
       Stairs down to The Gnomish Mines.
    Level 3:
       Some fountains.
    Level 4:
       Some fountains, a grave.
       Final resting place for
          2461479678-Cav-Gno-Mal-Neu, killed by a giant bat, while fainted from lack of food.
 The Gnomish Mines:
    Level 3: <- You were here.
       Final resting place for
          you, killed by a bat.


Vanquished creatures:
  a giant bat
  a coyote
  a gas spore
  a gecko
  8 jackals
  2 foxes
  a kobold
  a goblin
  2 grid bugs
  a bat
  2 lichens
  2 newts
23 creatures vanquished.

No species were genocided or became extinct.

Game over:
                       ----------
                      /          \
                     /    REST    \
                    /      IN      \
                   /     PEACE      \
                  /                  \
                  |     2438853      |
                  |      20 Au       |
                  | killed by a bat  |
                  |                  |
                  |                  |
                  |                  |
                  |       2026       |
                 *|     *  *  *      | *
        _________)/\\_//(\/(/\)/\//\/|_)_______

Farvel 2438853 the Valkyrie...

You died in The Gnomish Mines on dungeon level 3 with 408 points,
and 20 pieces of gold, after 1794 moves.
You were level 3 with a maximum of 36 hit points when you died.

